Map: Central Protocol

Players

abdulrajik

  • Race: Terran Terran
  • League: Master

Miszu - Winner!

  • Race: Terran Terran
  • League: Master

VOD

Have the link to the VOD?

Description

Time

  • Played on: March 10, 2016, 6:37 p.m.
  • Length: 3:45
Show
View Real Time Build Order
Export as new Build Order

abdulrajik Terran 

Build Orders:  

Get SALT Encoding   

  12  0:01  SCV  
  13  0:13  SCV  
  14  0:18  Supply Depot  
  14  0:25  SCV  
  15  0:31  Refinery  
  15  0:39  SCV  
  16  1:02  Barracks x2  
  16  1:16  Barracks  
  16  1:24  Refinery  
  16  1:29  SCV  
  17  1:41  SCV  
  18  1:49  Reaper x2  
  20  1:58  Supply Depot  
  20  2:03  Reaper  
  21  2:21  Reaper x2  
  23  2:34  Supply Depot  
  23  2:35  Reaper  
  22  2:53  Reaper  
  22  2:54  Reaper  
  24  3:03  Orbital Command  
  24  3:07  Reaper  
Show
View Real Time Build Order
Export as new Build Order

Miszu Terran - Winner!

Build Orders: 1/1/1 

Get SALT Encoding   

  12  0:00  SCV  
  13  0:13  SCV  
  14  0:17  Supply Depot  
  14  0:25  SCV  
  14  0:28  Refinery  
  15  0:39  SCV  
  16  0:45  Barracks  
  16  0:51  SCV  
  16  0:55  Refinery  
  17  1:03  SCV  
  18  1:15  SCV  
  20  1:33  Factory  
  20  1:34  Orbital Command  
  20  1:35  Reaper  
  20  1:45  Supply Depot  
  20  1:59  SCV  
  21  2:07  Reaper  
  22  2:11  SCV  
  23  2:17  Starport, Hellion  
  25  2:23  SCV  
  26  2:37  SCV  
  26  2:38  Hellion  
  26  2:39  Reaper  
  29  2:49  SCV  
  29  2:51  Supply Depot  
  30  3:02  SCV  
  37  3:12  Reaper  
  37  3:13  Hellion  
Tags
 
Add a new tag
Caveats
  • Supply blocks, unpowered buildings, or Contaminate may cause inaccurate times.
  • Supply counts are checked every 10 seconds.